 Dungeon Crawl Stone Soup version 0.29.0-11-gd7f09526c8 (webtiles) character file.

Game seed: 11979855989143384215

397 trckry the Cudgeller (level 6, 0/38 HPs)
             Began as a Gargoyle Gladiator on Sept 6, 2022.
             Was a Follower of Wu Jian.
             Slain by an orc wizard
             ... wielding a +0 hammer
              (2 damage)
             ... on level 4 of the Dungeon.
             The game lasted 00:07:28 (3145 turns).

trckry the Cudgeller (Gargoyle Gladiator)           Turns: 3145, Time: 00:07:28

Health: 0/38       AC:  8    Str: 19    XL:     6   Next: 83%
Magic:  6/6        EV: 12    Int:  9    God:    Wu Jian [*.....]
Gold:   130        SH:  0    Dex: 11    Spells: 5/5 levels left

rFire   . . .      SeeInvis .   a - +0 flail
rCold   . . .      Faith    .   (no shield)
rNeg    + . .      Spirit   .   b - +0 leather armour
rPois   ∞          Reflect  .   c - +0 helmet
rElec   +          Harm     .   (no cloak)
rCorr   .          Rampage  .   (no gloves)
Will    .....                   (no boots)
Stlth   +.........              (no amulet)
HPRegen 0.12/turn               (no ring)
MPRegen 0.10/turn               (no ring)

@: no status effects
A: sickness immunity, AC +4, negative energy resistance 1, electricity
resistance, torment resistance 1, petrification resistance
a: Renounce Religion


You were on level 4 of the Dungeon.
You worshipped Wu Jian.
Wu Jian was aware of your devotion.
You visited 1 branch of the dungeon, and saw 5 of its levels.

You collected 130 gold pieces.

Inventory:

Hand Weapons
 a - a +0 flail (weapon)
Missiles
 d - 2 throwing nets
 l - 13 poisoned darts
 r - 3 boomerangs (quivered)
Armour
 b - a +0 leather armour (worn)
 c - a +0 helmet (worn)
Scrolls
 f - 2 scrolls of enchant armour {unknown}
 g - a scroll of noise {unknown}
 h - a scroll of enchant weapon {unknown}
 i - a scroll of summoning {unknown}
 k - a scroll of teleportation {unknown}
 o - a scroll of fear {unknown}
 p - a scroll of identify {unknown}
 q - a scroll of immolation {unknown}
 s - a scroll of amnesia {unknown}
 u - a scroll of blinking {unknown}
Potions
 j - 2 potions of curing {unknown}
 m - a potion of might {unknown}
 n - 2 potions of flight {unknown}
 t - a potion of heal wounds {unknown}


   Skills:
 + Level 3.9 Fighting
 * Level 5.2 Maces & Flails
 - Level 1.7 Throwing
 + Level 3.0 Armour
 + Level 3.4 Dodging


You had 5 spell levels left.
You didn't know any spells.
Your spell library contained the following spells:

 Spells                   Type           Power      Damage    Failure   Level
 Apportation              Tloc           0%         N/A       43%         1
 Necrotise                Necr           0%         1d4       43%         1
 Summon Small Mammal      Summ           0%         N/A       43%         1


Dungeon Overview and Level Annotations

Branches:
Dungeon (5/15) Zot: 26815
 Temple: D:4-7

Altars:
Wu Jian


Innate Abilities, Weirdness & Mutations

You are immune to sickness and miasma.
Your stone body is resilient. (AC +4)
You are immune to poison.
You resist negative energy. (rN+)
You are resistant to electric shocks. (rElec)
You are resistant to unholy torment.
You are immune to petrification.


Message History

A magic dart appears from out of thin air!
The magic dart hits you.
* * * LOW HITPOINT WARNING * * *
The orc throws a stone.
You take 3 damage, and have 5/38 hp.
An orc wizard appears from thin air!
Reactivating autopickup.
There is a stone staircase leading down here.
The orc wizard casts a spell at you. The magic dart hits you.
* * * LOW HITPOINT WARNING * * *
You climb downwards.
There is a stone staircase leading up here.
You take 1 damage, and have 5/38 hp.
You climb upwards.
There is a stone staircase leading down here.
The orc wizard gestures at you while chanting.
You resist with some effort. The orc wizard casts a spell at you.
You are confused.
You bump into the rock wall.
You bump into the rock wall.
The orc wizard mumbles some strange words.
The orc wizard flickers and vanishes!
Deactivating autopickup; reactivate with Ctrl-A.
You bump into the rock wall.
A magic dart appears from out of thin air!
The magic dart hits you.
* * * LOW HITPOINT WARNING * * *
You take 5 damage, and have 1/38 hp.
You feel less confused.
Throw: 3 boomerangs
Press: ? - help, Q - select action, (/) - cycle Shift-Dir - straight line, f - orc
Aim: an orc, wielding a +0 hand axe, wearing a +0 ring mail and quivering stones (severely wounded, 60% to hit)
You throw a boomerang.
The boomerang hits the orc but does no damage.
The orc is severely wounded.
Something hits you but does no damage. x2
Something hits you.
You die...

#.# #.### #.# #.### #.# #....
###.# ##### ### #...# ##.. #.####
# ......## ##..# #.##.## ##
.......####...#########.#...####.
.......+.....oo.@..............'.
..(....####...#########.....####.
......# ##..# ####.## ## .....#
####>##### #.# # #...# #...o....#
#.# #)# #.##.###.# #.# #.#
#.##o###.# #.# #.# #.##..##.# #.#
##.## #.###.##.# #.#


You could see 2 orcs.

Vanquished Creatures
  Eustachio (D:4)
  A phantom (D:4)
  A howler monkey (D:4)
  A hound (D:3)
  An iguana (D:2)
  2 adders (D:4)
  An orc (D:4)
  A bat (D:1)
  5 endoplasms
  7 goblins
  4 hobgoblins
  6 jackals (D:1)
  2 quokkas (D:2)
  5 ball pythons
  4 frilled lizards
  4 kobolds
  2 rats
48 creatures vanquished.

Vanquished Creatures (others)
  An orc wizard (D:4)
1 creature vanquished.

Grand Total: 49 creatures vanquished

Notes
Turn   | Place    | Note
-------+----------+-------------------------------------------
     0 | D:1      | trckry the Gargoyle Gladiator began the quest for the Orb.
     0 | D:1      | Reached XP level 1. HP: 12/12 MP: 1/1
    28 | D:1      | Reached XP level 2. HP: 15/18 MP: 2/2
   563 | D:1      | Reached skill level 1 in Armour
   744 | D:2      | Reached XP level 3. HP: 6/22 MP: 3/3
  1189 | D:1      | Prayed at the altar of an unknown god.
  1189 | D:1      | Became a worshipper of the Wu Jian Council
  1189 | D:1      | Reached * piety under Wu Jian
  1355 | D:2      | Reached XP level 4. HP: 27/27 MP: 4/4
  1916 | D:3      | Reached skill level 4 in Maces & Flails
  1967 | D:3      | You fall into a shaft and drop 1 floor!
  2051 | D:4      | Noticed Eustachio
  2092 | D:4      | Killed Eustachio
  2093 | D:4      | Reached XP level 5. HP: 7/32 MP: 5/5
  2093 | D:4      | Reached XP level 6. HP: 8/37 MP: 6/6
  2806 | D:4      | Reached skill level 5 in Maces & Flails
  3125 | D:4      | HP: 5/38 [something/magic dart (3)]
  3130 | D:4      | HP: 5/38 [orc wizard/magic dart (1)]
  3131 | D:5      | Entered Level 5 of the Dungeon
  3141 | D:4      | HP: 1/38 [something/magic dart (5)]
  3145 | D:4      | Slain by an orc wizard

Illustrated notes

Levels and vault maps discovered:
D:1:      spicycebolla_arrival_ecumenical, layout_rooms, st_stairs_3
D:2:      layout_basic
D:3:      layout_loops_ring, cheibrodos_gnoll_hut
D:4:      layout_loops_corners, uniq_eustachio, uniq_robin, uniq_ijyb,
          uniq_crazy_yiuf_cottage
D:5:      layout_gridville

Skill      XL: |  1  2  3  4  5  6 |
---------------+-------------------+-----
Armour         | 1 2 3 |  3.0
Fighting       | 3 |  3.9
Maces & Flails | 4 5 |  5.2
Dodging        | 3 |  3.4
Throwing       | |  1.7

Action                   |  1- 3 |  4- 6 || total
-------------------------+-------+-------++-------
Melee: Flail             |    92 |   102 ||   194
       Punch             |       |     2 ||     2
Throw: Javelin           |     2 |     3 ||     5
       Throwing net      |     1 |     1 ||     2
       Dart              |       |    13 ||    13
       Boomerang         |       |     8 ||     8
Invok: Lunge             |       |     8 ||     8
       Whirlwind         |       |     1 ||     1
Armor: Leather armour    |    40 |    47 ||    87
Dodge: Dodged            |    69 |    78 ||   147
